AoeStats
← gavinsenaratne

Arabia

509614303Analyzed
3v3 RM · 6d ago on Sep 27, 2026· 55m 40s· 6 players
Game mode
Random Map
Map size
Normal (6 player)
Population
200
Speed
Normal
Resources
Standard
Victory
Conquest
Starting age
Dark Age
Ending age
Imperial Age
RankedLock teamsTeams togetherTeam positionsShared explorationLock speedFull tech treeHidden civsTurbo modeCheats
Victory
Defeat
🇱🇰 Dravidians · Sri Lanka
939
+10
🇱🇰 Vietnamese · Sri Lanka
915
+11
🇱🇰 Persians · Sri Lanka
727
+18
🇨🇦 Mongols · Canada
805
-13
🇩🇪 Varangians · Germany
796
-13
🇩🇪 Lithuanians · Germany
789
-13
PROtektorKaiser
0:33 Loom
10:20 Feudal Age
11:11 Double-Bit Axe
11:10 Horse Collar
12:10 Wheelbarrow
17:09 Fletching
22:21 Castle Age
21:01 Padded Archer Armor
23:29 Bodkin Arrow
24:45 Leather Archer Armor
26:29 Heavy Plow
28:51 Squires
30:47 Forging
30:38 Scale Mail Armor
37:24 Imperial Age
36:49 Hand Cart
38:35 Conscription
38:20 Bracer
38:17 Cranequins
40:34 Crop Rotation
42:26 Gothikon
44:58 Iron Casting
44:39 Chain Mail Armor
46:17 Bow Saw
46:04 Elite Varangian Guard
51:48 Blast Furnace
51:20 Plate Mail Armor
54:27 Elite Skirmisher
Marshall
13:12 Feudal Age
14:03 Double-Bit Axe
14:01 Horse Collar
18:32 Padded Archer Armor
18:23 Fletching
25:35 Castle Age
26:12 Bodkin Arrow
26:43 Heavy Plow
27:33 Leather Archer Armor
Neuronians
0:26 Loom
15:15 Feudal Age
16:32 Wheelbarrow
15:45 Double-Bit Axe
16:36 Horse Collar
17:00 Town Watch
17:52 Fletching
32:18 Castle Age
31:08 Gold Mining
31:09 Stone Mining
32:19 Forging
32:16 Scale Barding Armor
33:19 Hand Cart
33:18 Bow Saw
33:12 Heavy Plow
34:54 Iron Casting
36:08 Chain Barding Armor
37:26 Padded Archer Armor
37:26 Bodkin Arrow
37:00 Elite Skirmisher
41:14 Ballistics
43:32 Padded Archer Armor
43:57 Treadmill Crane
46:59 Imperial Age
44:55 Caravan
45:06 Treadmill Crane
45:53 Masonry
46:28 Leather Archer Armor
47:55 Bloodlines
47:45 Husbandry
47:53 Bracer
48:24 Ring Archer Armor
DonRa
7:29 Loom
10:26 Feudal Age
10:54 Man-at-Arms
11:20 Arson
11:44 Double-Bit Axe
21:23 Fletching
21:34 Scale Mail Armor
30:17 Castle Age
28:34 Gold Mining
30:33 Wheelbarrow
31:22 Town Watch
31:36 Bodkin Arrow
31:41 Padded Archer Armor
31:58 Chain Mail Armor
31:56 Forging
31:58 Scale Barding Armor
31:43 Horse Collar
32:17 Bow Saw
34:06 Medical Corps
34:42 Leather Archer Armor
35:47 Thumb Ring
38:36 Ballistics
38:12 Murder Holes
41:56 Imperial Age
40:39 Hand Cart
41:59 Masonry
42:00 Heavy Plow
43:12 Conscription
42:42 Elite Elephant Archer
44:30 Bracer
45:03 Ring Archer Armor
45:46 Chemistry
51:05 Husbandry
50:26 Light Cavalry
52:33 Caravan
53:46 Iron Casting
53:32 Chain Barding Armor
53:06 Arrowslits
55:27 Hoardings
55:56 Blast Furnace
55:13 Chain Mail Armor
DinethH
10:37 Feudal Age
11:10 Loom
11:37 Double-Bit Axe
20:45 Fletching
23:39 Castle Age
21:35 Gold Mining
21:31 Horse Collar
23:32 Padded Archer Armor
23:50 Crossbowman
24:38 Thumb Ring
25:55 Town Watch
26:11 Stone Mining
28:03 Bow Saw
31:26 Wheelbarrow
32:42 Murder Holes
36:23 Imperial Age
34:16 Bodkin Arrow
34:36 Leather Archer Armor
34:35 Masonry
38:47 Hand Cart
38:33 Town Patrol
41:25 Hoardings
41:13 Paper Money
45:15 Chemistry
44:36 Ballistics
44:22 Siege Engineers
44:09 Heavy Cavalry Archer
45:21 Ring Archer Armor
44:51 Bracer
45:01 Forging
45:01 Scale Barding Armor
46:28 Two-Man Saw
51:23 Forging
50:36 Light Cavalry
52:21 Chain Barding Armor
52:31 Husbandry
52:41 Bloodlines
53:43 Iron Casting
55:37 Plate Barding Armor
gavinsenaratne
5:31 Loom
10:47 Feudal Age
11:50 Double-Bit Axe
21:35 Castle Age
22:37 Light Cavalry
23:20 Husbandry
24:37 Wheelbarrow
30:09 Stone Mining
30:10 Gold Mining
32:45 Bloodlines
41:57 Imperial Age
42:49 Kamandaran
43:18 Cavalier
43:22 Hussar
43:56 Cavalier
43:58 Hussar
44:19 Crossbowman
44:58 Fletching
45:36 Horse Collar
49:37 Thumb Ring
50:48 Forging
50:46 Scale Barding Armor
50:42 Scale Mail Armor
50:42 Bodkin Arrow
50:48 Padded Archer Armor
50:47 Savar
52:09 Conscription
Connection lost

Rejoining the realm…

Still unreachable

The connection could not be restored.

Session expired

The server has moved on; the page needs a fresh start.